 Dungeon Crawl Stone Soup version 0.16-a0-3976-g683f154 (webtiles) character file.

4279 Gronka the Shield-Bearer (level 10, -6/76 HPs)
             Began as a Human Fighter on Feb 10, 2015.
             Was a Follower of Fedhas.
             Mangled by a black mamba (13 damage)
             ... on level 1 of the Lair of Beasts on Feb 11, 2015.
             The game lasted 00:27:58 (7961 turns).

Gronka the Shield-Bearer (Human Fighter)            Turns: 7961, Time: 00:28:00

Health: -6/76      AC: 12    Str: 21      XL:     10   Next: 57%
Magic:  11/11      EV: 11    Int:  7 (8)  God:    Fedhas [*.....]
Gold:   350        SH: 11    Dex: 11 (12) Spells: 0 memorised, 9 levels left

rFire  . . .     SeeInvis +     A - +1 flail (protect)
rCold  + . .     Clarity  .     b - +0 scale mail
rNeg   . . .     SustAb   .     c - +0 shield
rPois  .         Gourm    .     (no helmet)
rElec  .         Spirit   .     (no cloak)
rCorr  .         Warding  .     (no gloves)
rMut   +         Stasis   .     (no boots)
MR     .....                    n - amulet of resist mutation
Stlth  ..........               E - ring of see invisible
                                d - ring of protection from cold

@: lethally poisoned (-6 -> -19), not resistant to hostile enchantments,
extremely unstealthy
A: no striking features
a: Evolution, Renounce Religion


You were on level 1 of the Lair of Beasts.
You worshipped Fedhas.
Fedhas was aware of your devotion.
You were full.

You visited 3 branches of the dungeon, and saw 12 of its levels.

You collected 350 gold pieces.

Inventory:

Hand weapons
 a - a +0 trident
 f - a +0 rapier of venom
 A - a +1 flail of protection (weapon)
 K - a +3 spear
Armour
 b - a +0 scale mail (worn)
 c - a +0 shield (worn)
Jewellery
 d - a ring of protection from cold (left hand)
 g - an uncursed amulet of clarity
 n - an amulet of resist mutation (around neck)
 u - an uncursed ring of wizardry
 D - an uncursed amulet of faith
 E - a ring of see invisible (right hand)
 N - an uncursed amulet of rage
 V - an uncursed ring of protection from cold
Magical devices
 s - a wand of digging (11)
 y - a wand of magic darts (10)
 O - a wand of flame (0)
 S - a wand of magic darts (18)
 W - a wand of fire (2)
 X - a wand of lightning (7)
Scrolls
 l - 2 scrolls of identify
 m - 4 scrolls of teleportation
 o - 2 scrolls of amnesia {unknown}
 p - 3 scrolls of enchant armour
 q - a scroll of magic mapping {unknown}
 t - 6 scrolls of remove curse
 w - 4 scrolls of immolation
 z - 2 scrolls of recharging {unknown}
 B - a scroll of fear {unknown}
 I - a scroll of noise {unknown}
 J - a scroll of fog {unknown}
 P - a scroll of enchant weapon {unknown}
 T - a scroll of blinking {unknown}
Potions
 e - 2 potions of might
 h - a potion of restore abilities {unknown}
 j - 2 potions of lignification {unknown}
 k - a potion of cure mutation {unknown}
 x - a potion of degeneration
 H - 2 potions of heal wounds {unknown}
 M - a potion of brilliance {unknown}
 Q - a potion of poison {unknown}
 R - a potion of ambrosia {unknown}
 U - a potion of agility {unknown}
Books
 L - a book of Spatial Translocations

   Spells                             Type                      Level
   a - Apportation                    Translocation                1
   b - Blink                          Translocation                2
   c - Shroud of Golubria             Charms/Translocation         2
   d - Portal Projectile              Translocation                3
   e - Teleport Other                 Translocation                3
   f - Passage of Golubria            Translocation                4
Comestibles
 i - 2 meat rations
 v - 5 bread rations
 C - 10 beef jerkies
 F - a slice of pizza
 G - a royal jelly


   Skills:
 + Level 5.7 Fighting
 + Level 6.0 Maces & Flails
 + Level 2.9 Polearms
 + Level 7.2 Armour
 + Level 7.0 Dodging
 + Level 1.3 Stealth
 + Level 7.8 Shields
 + Level 1.0 Evocations


You had 9 spell levels left.
You didn't know any spells.

Dungeon Overview and Level Annotations

Branches:
Dungeon (9/15)             Temple (1/1) D:7            Lair (2/8) D:8
    Orc: D:9-12

Altars:
Ashenzari
Cheibriados
Dithmenos
Elyvilon
Fedhas
Gozag
Kikubaaqudgha
Makhleb
Nemelex Xobeh
Okawaru
Qazlal
Ru
Sif Muna
Trog
Vehumet
Xom
Yredelemnul
Zin

Shops:
D:3 *   D:4 !   D:6 !   D:8 ??


Message History

The black mamba bites you but does no damage.
The wolf bites you but does no damage.
You are too injured to fight recklessly!
You are too injured to fight recklessly!
You are too injured to fight recklessly!
Read which item? (? for menu, Esc to quit)
You can't read that!
You feel sick. The wolf bites you but does no damage.
You block the wolf's attack. The wolf closely misses you. The wolf bites you.
* * * LOW HITPOINT WARNING * * *
You block the wolf's attack.
The black mamba bites you but does no damage.
You feel sick. The wolf bites you.
* * * LOW HITPOINT WARNING * * *
The wolf bites you.
* * * LOW HITPOINT WARNING * * *
You block the wolf's attack. The wolf completely misses you.
The black mamba bites you!
You die...
Fedhas appreciates your contribution to the ecosystem.

###### ##.######.#...#
#.##.###.........#.#.####
#.##..##.............##.#
..<.......#...(........##
÷...........#.........##
....#..................###
.........................#
.............#.h.........#
..............hh@......###
.....#........hSh.###..##
#...............S...#...##
#.......#+#..............#
.#...÷##...#.........#####
.#..÷#...8..........>##
.##.#......#...#####.P#
..#.#....####.## ####
...)....## ###


You could see a black mamba, a water moccasin and 5 wolves.

Vanquished Creatures
  The ghost of 4thArraOfDagon the Twirler, an experienced DgWn (D:7)
  Grinder (D:6)
  2 yaks (D:8)
  A wyvern (D:8)
  Eustachio (D:8)
  A deep elf fighter (D:8)
  A wolf (Lair:1)
  A water moccasin (Lair:2)
  A porcupine (Lair:1)
  5 ice beasts
  4 ogres
  2 centaurs
  2 crocodiles (D:8)
  Sigmund (D:6)
  4 giant frogs
  4 scorpions
  2 goliath beetles (D:7)
  A gnoll shaman (D:8)
  A quasit (D:8)
  8 hounds
  2 giant frog skeletons
  2 iguanas
  A centaur skeleton (D:4)
  3 worker ants
  6 orc wizards
  9 gnolls
  A giant mite (D:1)
  2 shadow imps
  3 adders
  A river rat (D:8)
  4 worms
  2 adder skeletons (D:6)
  18 orcs
  2 ball pythons
  21 bats
  A bat zombie (D:5)
  4 giant cockroaches
  8 goblins
  7 hobgoblins
  7 jackals
  15 kobolds
  3 quokkas
  9 giant geckos
  A giant gecko skeleton (D:4)
  4 giant newts
  21 rats
201 creatures vanquished.

Vanquished Creatures (others)
  A fungus (D:8)
  45 toadstools
46 creatures vanquished.

Grand Total: 247 creatures vanquished

Notes
Turn   | Place    | Note
--------------------------------------------------------------
     0 | D:1      | Gronka, the Human Fighter, began the quest for the Orb.
     0 | D:1      | Reached XP level 1. HP: 18/18 MP: 1/1
   204 | D:1      | Reached XP level 2. HP: 21/24 MP: 2/2
   420 | D:1      | Reached XP level 3. HP: 26/29 MP: 3/3
   697 | D:2      | Reached skill level 1 in Dodging
   722 | D:2      | Reached XP level 4. HP: 22/35 MP: 4/4
  1447 | D:3      | Found Zin's Purification Station.
  1448 | D:3      | Found a glowing silver altar of Zin.
  1832 | D:4      | Reached XP level 5. HP: 18/41 MP: 5/5
  1842 | D:4      | HP: 2/41 [rat (3)]
  2278 | D:4      | Reached skill level 4 in Armour
  2303 | D:4      | Found Wacasch's Distillery.
  2374 | D:4      | Reached XP level 6. HP: 34/48 MP: 6/6
  2546 | D:4      | Noticed an ogre
  2557 | D:4      | Killed an ogre
  2557 | D:4      | Reached skill level 1 in Maces & Flails
  2899 | D:4      | Reached XP level 7. HP: 54/54 MP: 7/7
  2960 | D:5      | Entered Level 5 of the Dungeon
  3038 | D:5      | Found a shadowy altar of Dithmenos.
  3358 | D:5      | Reached skill level 5 in Armour
  3459 | D:5      | Reached XP level 8. HP: 11/60 MP: 8/8
  4093 | D:6      | Reached skill level 5 in Shields
  4174 | D:6      | Found Muwk's Distillery.
  4500 | D:6      | Noticed Sigmund
  4512 | D:6      | Killed Sigmund
  4554 | D:6      | Noticed Grinder
  4570 | D:6      | Paralysed by Grinder for 4 turns
  4579 | D:6      | Paralysed by Grinder for 3 turns
  4600 | D:6      | Killed Grinder
  4600 | D:6      | Reached XP level 9. HP: 33/66 MP: 9/9
  4691 | D:6      | Upgraded the game from 0.16-a0-3963-gf3423b3 to 0.16-a0-3976-g683f154
  4706 | D:7      | Found a shimmering altar of Xom.
  4709 | D:7      | Noticed 4thArraOfDagon's ghost (experienced DgWn)
  4729 | D:7      | Killed 4thArraOfDagon's ghost
  4729 | D:7      | Reached skill level 5 in Fighting
  4729 | D:7      | Reached skill level 6 in Armour
  4915 | D:7      | Found a staircase to the Ecumenical Temple.
  4937 | Temple   | Entered the Ecumenical Temple
  5023 | Temple   | Became a worshipper of Fedhas Madash
  5100 | D:7      | Found a burning altar of Makhleb.
  5124 | D:7      | Reached skill level 5 in Dodging
  5627 | D:7      | Reached skill level 5 in Maces & Flails
  5789 | D:7      | Found a deep blue altar of Sif Muna.
  5942 | D:7      | Found a radiant altar of Vehumet.
  6199 | D:8      | Found Libb's Magic Scroll Boutique.
  6206 | D:8      | Found a stormy altar of Qazlal.
  6318 | D:8      | Reached skill level 1 in Stealth
  6318 | D:8      | Reached XP level 10. HP: 72/74 MP: 10/10
  6347 | D:8      | Reached skill level 7 in Shields
  6527 | D:8      | Acquired Fedhas' first power
  6601 | D:8      | Noticed Eustachio
  6669 | D:8      | Killed Eustachio
  7012 | D:8      | Found a staircase to the Lair.
  7077 | D:8      | Found Emadom's Magic Scroll Boutique.
  7188 | D:8      | Reached skill level 1 in Evocations
  7475 | Lair:1   | Entered Level 1 of the Lair of Beasts
  7942 | Lair:1   | Noticed a black mamba
  7961 | Lair:1   | Mangled by a black mamba

Action                   |  1- 3 |  4- 6 |  7- 9 | 10-12 || total
-------------------------+-------+-------+-------+-------++-------
Melee: Trident           |   107 |   174 |       |       ||   281
       Flail             |       |    69 |   444 |   256 ||   769
Evoke: Wand              |       |       |     2 |     6 ||     8
  Use: Scroll            |     2 |     3 |     7 |     2 ||    14
       Potion            |       |       |     6 |     3 ||     9
  Eat: Bread ration      |       |     1 |       |       ||     1
       Pizza             |       |     1 |       |       ||     1
       Fruit             |       |     1 |     4 |       ||     5
       Meat ration       |       |       |     2 |     2 ||     4
